 Dungeon Crawl Stone Soup version 0.25-a0-185-g6cfeca7 (webtiles) character file.

Game seed: 5226552782437773962, levelgen mode: deterministic

7163 TheGoonsmith the Spear-Bearer (level 11, 0/86 HPs)
             Began as a Merfolk Abyssal Knight on Nov 25, 2019.
             Was a High Priest of Lugonu.
             Slain by a sky beast (6 damage)
             ... on level 10 of the Dungeon on Nov 28, 2019.
             The game lasted 00:19:43 (12526 turns).

TheGoonsmith the Spear-Bearer (MfAK)               Turns: 12526, Time: 00:19:43

Health: 0/86       AC: 12    Str: 14    XL:     11   Next: 11%
Magic:  18/18      EV: 20    Int: 11    God:    Lugonu [*****.]
Gold:   779        SH:  0    Dex: 23    Spells: 10/10 levels left

rFire    . . .     SeeInvis .   H - +3 halberd (curse)
rCold    + . .     Gourm    .   (shield currently unavailable)
rNeg     . . .     Faith    .   F - +2 leather armour {rC+}
rPois    .         Spirit   .   (no helmet)
rElec    .         Reflect  .   x - +0 cloak
rCorr    .         Harm     .   K - +1 pair of gloves
MR       .....                  B - +2 pair of boots
Stlth    ++........             (no amulet)
HPRegen  0.24/turn              s - +4 ring of dexterity
MPRegen  0.16/turn              m - +3 ring of dexterity

@: no status effects
A: change form in water, swift swim, stealthy swim
a: Depart the Abyss, Bend Space, Banish, Corrupt, Enter the Abyss, Renounce
Religion


You were on level 10 of the Dungeon.
You worshipped Lugonu.
Lugonu was extremely pleased with you.
You were hungry.

You visited 1 branch of the dungeon, and saw 10 of its levels.
You visited the Abyss 1 time.
You also visited: Sewer.

You collected 779 gold pieces.

Inventory:

Hand Weapons
 a - a +1 spear
 i - a +6 spear of pain
 H - a cursed +3 halberd (weapon)
 L - a +0 glaive
 Q - a +0 glaive
Armour
 b - a +0 leather armour
 e - a +0 ring mail
 g - a +1 pair of gloves
 h - a +0 pair of boots
 r - a scarf of cloud immunity
 x - a +0 cloak (worn)
 B - a +2 pair of boots (worn)
 F - a +2 leather armour of cold resistance (worn)
 K - a +1 pair of gloves (worn)
Jewellery
 f - an uncursed ring of resist corrosion
 m - a +3 ring of dexterity (right hand)
 s - a +4 ring of dexterity (left hand)
 A - a cursed amulet of inaccuracy {unknown}
Wands
 w - a wand of random effects (20)
 N - a wand of paralysis (7)
Scrolls
 q - 4 scrolls of identify
 u - a scroll of magic mapping
 v - 2 scrolls of fear
 y - 2 scrolls of enchant weapon
 C - 6 scrolls of remove curse
 E - a scroll of fog
 G - 2 scrolls of enchant armour
 M - a scroll of teleportation
Potions
 d - a potion of resistance {unknown}
 j - a potion of berserk rage {unknown}
 k - 10 potions of curing
 l - a potion of heal wounds
 n - 2 potions of lignification
 o - 3 potions of flight
 p - 3 potions of might
 t - a potion of ambrosia {unknown}
 z - a potion of haste
 D - a potion of mutation {unknown}
 I - 4 potions of cancellation {unknown}
Miscellaneous
 P - a phial of floods
Comestibles
 c - 9 rations


   Skills:
 + Level 7.9 Fighting
 + Level 13.0 Polearms
 - Level 4.0 Armour
 + Level 9.1 Dodging
 - Level 10.0 Invocations


You had 10 spell levels left.
You didn't know any spells.
Your spell library was empty.

Dungeon Overview and Level Annotations

Branches:
Dungeon (10/15)            Temple (0/1) D:6            Lair (0/6) D:8
  Sewer (visited)
    Orc: D:9-12

Altars:
Ashenzari
Cheibriados
Dithmenos
Fedhas
Hepliaklqana
Makhleb
Nemelex Xobeh
Qazlal
Sif Muna
Trog

Annotations:
D:10 Erica
Abyss:1 Edmund, Grum


Message History

The wyvern misses you.
You bump into the rock wall.
The bullfrog closely misses you. The wyvern completely misses you.
The bullfrog completely misses you.
You hit the wyvern but do no damage.
The wyvern is severely wounded.
Erica appears from thin air!
Reactivating autopickup.
The wyvern closely misses you.
The bullfrog hits you but does no damage.
Something closely misses you. The wyvern completely misses you.
The bullfrog hits you but does no damage.
You feel less confused. The wyvern misses you. Something misses you.
The wyvern bites you!
* * * LOW HITPOINT WARNING * * *
You feel much better. The bullfrog closely misses you. The wyvern bites you!
* * * LOW HITPOINT WARNING * * *
Something hits you.
* * * LOW HITPOINT WARNING * * *
Something shocks you.
You die...

#.........................#....
#.........................#....
#.........................#....
##....#..............####'##†..
######......##########...##...
######'##......##........
#.......)<......#........
#.......(F......+........
##.......@l@....##+####...
#.......##{.....##...##...
##########................
#.......................
#....).............##...
#..................#####
##....##............#...
##....##........[.>.#...
#......#............'...


You could see Erica, a wyvern and a bullfrog.

Vanquished Creatures
  A two-headed ogre (D:9)
  An elephant (D:8)
  A troll (D:10)
  Grinder (D:4)
  3 hippogriffs
  A basilisk (D:8)
  7 orc warriors
  A sky beast (D:10)
  3 ice beasts
  2 phantoms
  2 black bears
  2 ogres (D:8)
  2 centaurs (D:8)
  2 wolves (D:8)
  A crocodile (D:8)
  2 big kobolds
  3 bullfrogs
  6 scorpions
  A water moccasin skeleton (D:6)
  10 killer bees
  5 wights (D:8)
  2 howler monkeys
  3 crimson imps
  7 hounds
  2 bullfrog zombies
  2 jellies (D:8)
  A centaur zombie (D:7)
  6 orc priests
  3 bullfrog skeletons
  5 orc wizards
  A centaur skeleton (D:7)
  2 iguanas
  5 worker ants
  2 killer bee zombies
  Robin (D:2)
  A howler monkey zombie (D:8)
  7 adders
  2 river rats (Sewer)
  2 shadow imps
  An adder skeleton (D:9)
  2 worms
  2 dart slugs
  9 leopard geckos
  41 orcs
  16 giant cockroaches
  15 goblins
  10 hobgoblins
  14 jackals
  A quokka (D:6)
  A ball python (D:1)
  6 bats
  11 frilled lizards
  2 jackal skeletons
  13 kobolds
  A quokka skeleton (D:4)
  A quokka zombie (D:6)
  7 rats
264 creatures vanquished.

Vanquished Creatures (others)
  An ice beast (D:4)
1 creature vanquished.

Grand Total: 265 creatures vanquished

Notes
Turn   | Place    | Note
-------+----------+-------------------------------------------
     0 | Abyss:1  | TheGoonsmith the Merfolk Abyssal Knight began the quest for
                  | the Orb.
     0 | Abyss:1  | Reached XP level 1. HP: 18/18 MP: 2/2
    29 | Abyss:1  | Noticed a raiju
    30 | D:1      | Escaped the Abyss
   156 | D:1      | Reached XP level 2. HP: 24/24 MP: 3/3
   178 | D:1      | Reached * piety under Lugonu
   413 | D:1      | Reached skill level 1 in Armour
   457 | D:1      | Reached XP level 3. HP: 29/29 MP: 4/4
   877 | D:1      | You fall into a shaft and drop 1 floor!
   878 | D:2      | Noticed Robin
   896 | D:2      | Found a shattered altar of Ashenzari.
   925 | D:2      | Reached skill level 4 in Polearms
   950 | D:2      | Found a blossoming altar of Fedhas.
  1123 | D:2      | Reached ** piety under Lugonu
  1417 | D:1      | Reached XP level 4. HP: 31/37 MP: 5/5
  1612 | D:2      | Killed Robin
  2345 | D:3      | Upgraded the game from 0.25-a0-167-g836c352 to
                  | 0.25-a0-178-gc9f82b1
  2743 | D:3      | Reached skill level 5 in Polearms
  2783 | D:3      | Reached XP level 5. HP: 42/42 MP: 7/7
  3159 | D:3      | Found a shimmering blue altar of Sif Muna.
  3296 | D:4      | Reached skill level 6 in Polearms
  3306 | D:4      | Noticed Grinder
  3306 | D:4      | Paralysed by Grinder for 4 turns
  3325 | D:4      | Killed Grinder
  3325 | D:4      | Reached skill level 7 in Polearms
  3325 | D:4      | Reached XP level 6. HP: 13/48 MP: 7/9
  3500 | D:4      | Found a glowing drain.
  3504 | Sewer    | Entered a sewer
  3682 | Sewer    | Reached *** piety under Lugonu
  3682 | Sewer    | Reached XP level 7. HP: 54/54 MP: 10/10
  3691 | Sewer    | Reached skill level 8 in Polearms
  3712 | Sewer    | Found a glowing silver altar of Zin.
  4224 | D:4      | Reached skill level 9 in Polearms
  4426 | D:4      | Reached skill level 5 in Invocations
  4820 | D:5      | Entered Level 5 of the Dungeon
  4853 | D:4      | Reached XP level 8. HP: 37/60 MP: 10/12
  5017 | D:5      | Reached skill level 10 in Polearms
  5133 | D:5      | Noticed Edmund
  5134 | D:5      | Found a shadowy altar of Dithmenos.
  5160 | D:4      | Banished Edmund
  5848 | D:5      | Found a sparkling altar of Nemelex Xobeh.
  6111 | D:6      | Found a staircase to the Ecumenical Temple.
  6333 | D:5      | Reached XP level 9. HP: 24/65 MP: 15/15
  6862 | D:6      | Found a stormy altar of Qazlal.
  6865 | D:6      | Found a snail-covered altar of Cheibriados.
  6870 | D:6      | Found a burning altar of Makhleb.
  7060 | D:7      | Reached **** piety under Lugonu
  7342 | D:7      | Reached skill level 5 in Dodging
  7726 | D:7      | You fall into a shaft and drop 1 floor!
  7749 | D:8      | Reached skill level 5 in Fighting
  7911 | D:8      | Found a staircase to the Lair.
  7911 | D:8      | Noticed an elephant
  7928 | D:8      | Reached skill level 11 in Polearms
  8067 | D:8      | Found a hazy altar of Hepliaklqana.
  8480 | D:8      | Reached skill level 10 in Invocations
  8623 | D:8      | Reached XP level 10. HP: 58/75 MP: 17/17
  9237 | D:8      | Killed an elephant
  9648 | D:8      | Noticed Grum
  9668 | D:8      | HP: 3/77 [Grum/-1 spear (8)]
  9673 | D:8      | Banished Grum
 10021 | D:8      | Reached skill level 12 in Polearms
 10356 | D:9      | Found a bloodstained altar of Trog.
 10872 | D:9      | Noticed a two-headed ogre
 10887 | D:9      | Killed a two-headed ogre
 11327 | D:9      | Reached ***** piety under Lugonu
 11663 | D:9      | Upgraded the game from 0.25-a0-178-gc9f82b1 to
                  | 0.25-a0-185-g6cfeca7
 11692 | D:10     | Entered Level 10 of the Dungeon
 11765 | D:10     | Reached XP level 11. HP: 84/84 MP: 18/18
 11974 | D:10     | Paralysed by an orc wizard for 4 turns
 12134 | D:9      | Reached skill level 13 in Polearms
 12484 | D:10     | Noticed Erica
 12525 | D:10     | HP: 3/86 [wyvern (13)]
 12526 | D:10     | Slain by a sky beast

Levels and vault maps discovered:
D:1:      matt_arrival_grand_opening, layout_basic, minmay_lizard_king
D:2:      layout_basic, lemuel_doored_altar, fedhas_altar_3, uniq_robin
D:3:      minmay_roachtagon, layout_loops_ring, grunt_decor_mini_mirrors,
          tgw_sif
D:4:      layout_loops_corners, first_ration, gup_sewer_entry_bowl, uniq_grinder
D:5:      layout_loops_ring, grunt_dithmenos_smoke,
          lemuel_coloured_pillars_altar, uniq_edmund
D:6:      layout_loops_ring, grunt_temple_overflow_diamond,
          minmay_temple_entry_ruins, st_stairs_8
D:7:      layout_loops_ring
D:8:      layout_gridville, david_lair_generic, basic_altar, uniq_grum
D:9:      layout_basic, lemuel_round_altar, special_room [special_room_orc],
          serial_corexii_hall, corexii_hall_statues_l, corexii_hall_statues_i
D:10:     layout_gridville, uniq_erica

Skill      XL: |  1  2  3  4  5  6  7  8  9 10 11 |
---------------+----------------------------------+-----
Dodging        | 3 4 6 8 9 |  9.1
Armour         | 1 2 4 |  4.0
Polearms       | 4 5 7 9 10 11 12 13 | 13.0
Fighting       | 4 5 7 |  7.9
Invocations    | 4 5 9 10 | 10.0

Action                   |  1- 3 |  4- 6 |  7- 9 | 10-12 || total
-------------------------+-------+-------+-------+-------++-------
Melee: Spear             |   184 |   141 |   487 |   160 ||   972
       Tailslap          |       |       |     1 |       ||     1
       Halberd           |       |       |       |   244 ||   244
Invok: Depart the Abyss  |     1 |       |       |       ||     1
       Banish            |       |       |     2 |     1 ||     3
       Bend Space        |       |       |     1 |       ||     1
  Use: Potion            |     4 |     1 |       |     2 ||     7
       Scroll            |       |     7 |     2 |     4 ||    13
 Stab: Sleeping          |       |     1 |     2 |     1 ||     4
       Distracted        |       |       |       |     1 ||     1
  Eat: Chunk             |     1 |     8 |    10 |     8 ||    27
       Ration            |       |       |     2 |     1 ||     3
Armor: Leather armour    |     3 |       |       |    64 ||    67
       Ring mail         |    52 |    23 |    99 |    15 ||   189
Dodge: Dodged            |    80 |    43 |   150 |   268 ||   541

Table legend:
 A = Non-vault XP
 B = Vault XP
 C = Vault XP percentage of total XP
 D = Non-vault monster count
 E = Vault monster count
 F = Vault count percentage of total count
                 A         B        C        D         E       F
            +---------+---------+-------+---------+---------+-------
      Total |    7678 |    2555 |  25.0 |     188 |      79 |  29.6
            +---------+---------+-------+---------+---------+-------
        D:1 |      43 |      16 |  27.1 |      25 |      12 |  32.4
        D:2 |      18 |      32 |  64.0 |      10 |      10 |  50.0
        D:3 |      47 |      60 |  56.1 |      15 |      11 |  42.3
        D:4 |     492 |     363 |  42.5 |      17 |       5 |  22.7
        D:5 |     972 |       0 |   0.0 |      19 |       0 |   0.0
        D:6 |     428 |       5 |   1.2 |      18 |       2 |  10.0
        D:7 |    1124 |       0 |   0.0 |      20 |       0 |   0.0
        D:8 |    1873 |    1601 |  46.1 |      33 |       8 |  19.5
        D:9 |    1792 |     350 |  16.3 |      20 |      21 |  51.2
       D:10 |     889 |       0 |   0.0 |      11 |       0 |   0.0
      Sewer |       0 |     128 | 100.0 |       0 |      10 | 100.0
            +---------+---------+-------+---------+---------+-------
